 Dungeon Crawl Stone Soup version 0.32-a0-685-g93135e86f0 (webtiles) character file.

Game seed: 14576267982203770246

32 warriortoast the Magician (level 3, 28/28 HPs)
             Began as a Djinni Fire Elementalist on Mar 12, 2024.
             Got out of the dungeon alive.
             The game lasted 00:02:58 (1078 turns).

warriortoast the Magician (DjFE)                    Turns: 1078, Time: 00:02:59

Health: 28/28      AC:  2    Str:  9    XL:     3   Next: 45%
Gold:   44         EV: 12    Int: 16    God:
                   SH:  0    Dex: 13

rFire   + + .        (no weapon)
rCold   x . .        (no shield)
rNeg    . . .        a - +0 robe
rPois   ∞            (no helmet)
rElec   .            (no cloak)
rCorr   .            (no gloves)
SInv    .            (boots unavailable)
Will    .....        (no amulet)
Stlth   ++           (no ring)
HPRegen 0.24/turn    (no ring)
MPRegen 0.00/turn

%: no passive effects
@: flying
A: sickness immunity, fire resistance 2, cold vulnerability 1, float, innate
caster, HP casting, extra vitality 1
a: no special abilities


You escaped.
You visited 1 branch of the dungeon, and saw 1 of its levels.

You collected 44 gold pieces.

Inventory:

Armour
 a - a +0 robe (worn)
Scrolls
 b - a scroll of blinking {unknown}
 c - a scroll of vulnerability {unknown}
 d - a scroll of teleportation {unknown}


   Skills:
 + Level 1.9 Fighting
 - Level 2.1 Dodging
 - Level 1.5 Stealth
 + Level 3.5 Spellcasting
 + Level 3.5 Conjurations
 + Level 3.5 Hexes
   Level 0.0 Charms
 + Level 3.5 Summonings
 + Level 3.5 Necromancy
 + Level 3.5 Translocations
   Level 0.0 Transmutations
 + Level 3.5 Fire Magic
 + Level 3.5 Ice Magic
 + Level 3.5 Air Magic
 + Level 3.5 Earth Magic
 + Level 3.5 Alchemy


You knew the following spells:

 Your Spells              Type           Power      Damage    Failure   Level
a - Foxfire               Conj/Fire      56%        2x1d6     4%          1
b - Scorch                Fire           28%        2d6       6%          2
c - Volatile Blastmotes   Fire/Tloc      28%        2d12      13%         3
d - Inner Flame           Hex/Fire       14%        N/A       13%         3
e - Flame Wave            Conj/Fire      14%        2d6       38%         4
f - Summon Small Mammal   Summ           56%        N/A       4%          1
Your spell library was empty.

Dungeon Overview and Level Annotations

Branches:
Dungeon (1/15)

Altars:


Innate Abilities, Weirdness & Mutations

You are immune to sickness and miasma.
You are immune to poison.
Your flesh is very heat resistant. (rF++)
You are vulnerable to cold. (rC-)
You float through the air rather than walking.
You learn spells naturally, not from books.
Your magical power is your life essence.
You have superior vitality. (+4 MHP)


Message History

Found 8 stones.
You see here a bat skeleton.
You reach down and open the door.
An endoplasm comes into view.
An endoplasm is nearby!
You conjure some foxfire!
You conjure some foxfire!
You conjure some foxfire!
The endoplasm quivers.
The foxfire hits the endoplasm.
The endoplasm is lightly wounded.
The foxfire hits the endoplasm.
The endoplasm is severely wounded.
You conjure some foxfire!
The endoplasm barely misses you.
There is not enough space to conjure foxfire!
An endoplasm is nearby!
Your foxfire dissipates!
The foxfire hits the endoplasm.
The endoplasm is almost dead.
The foxfire hits the endoplasm.
You kill the endoplasm!
Your foxfire dissipates!
A giant cockroach comes into view.
You conjure some foxfire!
There is not enough space to conjure foxfire!
The foxfire hits the giant cockroach.
You kill the giant cockroach!
You conjure some foxfire!
Your foxfire dissipates!
Your foxfire dissipates!
You reach down and open the door.
There is an open door here.
Found a ring mail.
You see here a +0 ring mail.
You reach down and open the door.
Found a stone staircase leading down.
Done exploring.
Done exploring.
There is a staircase leading out of the dungeon here.
You have escaped!

.#.....).....#####.#.##..### #...
.#......)....#####.........#####.
.##.....##...............#....#..
.##.....####..........#.#####.#..
..+........+...........)....).+..
.##.....####).........#...#...#..
#########################.....###
#########.........# ###÷...##
..[.............@.##### #.....#
##########........'..># #...#..
##........#########...### ##
##...#.....##..........### .#
##...###....##.##.......... .#
##...## ##.####..'.......... .##
##...## #.# ####..........
..###...## #.##### #........##
#......## #.....# #........##


There were no monsters in sight!

Vanquished Creatures
  3 ball pythons (D:1)
  3 bats (D:1)
  5 endoplasms (D:1)
  3 giant cockroaches (D:1)
  5 goblins (D:1)
  2 hobgoblins (D:1)
  A quokka (D:1)
  3 kobolds (D:1)
25 creatures vanquished.

Vanquished Creatures (others)
  149 foxfires (D:1)
149 creatures vanquished.

Grand Total: 174 creatures vanquished

Notes
Turn   | Place    | Note
-------+----------+-------------------------------------------
     0 | D:1      | warriortoast the Djinni Fire Elementalist began the quest
                  | for the Orb.
     0 | D:1      | warriortoast set off with the following spells memorised:
                  | Foxfire, Scorch, Volatile Blastmotes, Inner Flame, Flame
                  | Wave.
     0 | D:1      | Reached XP level 1. HP: 15/15 MP: 0/0
   136 | D:1      | Reached XP level 2. HP: 14/22 MP: 0/0
   250 | D:1      | Reached skill level 1 in Fighting
   579 | D:1      | Reached XP level 3. HP: 25/27 MP: 0/0
   579 | D:1      | Learned a level 1 spell: Summon Small Mammal
  1078 | D:$      | Got out of the dungeon alive.

Illustrated notes

Levels and vault maps discovered:
D:1:      elethiomel_arrival_shortcut, layout_basic, roderic_roman_lattice

Skill      XL: |  1  2 |
---------------+-------+-----
Fighting       | 1 |  1.9
Dodging        | |  2.1
Stealth        | |  1.5
Spellcasting   | |  3.5
Conjurations   | |  3.5
Hexes          | |  3.5
Summonings     | |  3.5
Necromancy     | |  3.5
Translocations | |  3.5
Fire Magic     | |  3.5
Ice Magic      | |  3.5
Air Magic      | |  3.5
Earth Magic    | |  3.5
Alchemy        | |  3.5

Action                     || total
---------------------------++-------
   Cast: Foxfire           ||    95
 Armour: Robe              ||     3
  Dodge: Dodged            ||     3

Table legend: (Time is in decaauts)
 A = Elapsed time spent in this place.
 B = Non-inter-level travel time spent in this place.
 C = Inter-level travel time spent in this place.
 D = Time resting spent in this place.
 E = Time spent auto-exploring this place.
 F = Levels seen in this place.
 G = Mean time per level.
                   A        B        C        D        E       F      G
               +--------+--------+--------+--------+--------+-----+--------+
         Total |   1078 |   1060 |     18 |      0 |    905 |   1 | 1078.0 |
       Dungeon |   1078 |   1060 |     18 |      0 |    905 |   1 | 1078.0 |
               +--------+--------+--------+--------+--------+-----+--------+

Top non-repeatable levels by time:
     D:1: 1078 daAuts
